 Dungeon Crawl Stone Soup version 0.17.1-1-g73c8601 (webtiles) character file.

3131 divealot the Cleaver (level 9, -2/71 HPs)
             Began as a Minotaur Fighter on Dec 29, 2015.
             Was an Initiate of Okawaru.
             Engulfed by a cloud of freezing vapour (16 damage)
             ... on level 7 of the Dungeon.
             The game lasted 00:38:00 (5951 turns).

divealot the Cleaver (Minotaur Fighter)             Turns: 5951, Time: 00:38:00

Health: -2/71      AC: 14    Str: 24      XL:     9   Next: 61%
Magic:  17/17      EV:  4    Int:  6      God:    Okawaru [......]
Gold:   473        SH:  9    Dex:  7 (9)  Spells: 0 memorised, 8 levels left

rFire  + . .     SeeInvis .     u - +2 hand axe (vamp)
rCold  . . .     Rnd*Rage +     w - +0 plate armour
rNeg   + . .     SustAt   .     c - +0 shield
rPois  .         Gourm    .     (helmet restricted)
rElec  .         Spirit   .     q - +0 cloak
rCorr  .         Warding  .     (no gloves)
rMut   .         Stasis   .     (no boots)
MR     .....                    (no amulet)
Stlth  ..........               I - ring of positive energy
                                z - ring of magical power

@: not resistant to hostile enchantments, extremely unstealthy
A: retaliatory headbutt, horns 2, berserk 1, breathe flames 1, fire resistance 1
a: Renounce Religion, Breathe Fire


You were on level 7 of the Dungeon.
You worshipped Okawaru.
Okawaru was noncommittal.
You were not hungry.

You visited 2 branches of the dungeon, and saw 8 of its levels.

You collected 473 gold pieces.

Inventory:

Hand Weapons
 a - a +0 trident
 u - a +2 vampiric hand axe (weapon)
Armour
 c - a +0 shield (worn)
 q - a +0 cloak (worn)
 w - a +0 plate armour (worn)
 x - a +0 troll leather armour {Purgy}
Jewellery
 z - a ring of magical power (left hand)
 I - a ring of positive energy (right hand)
Wands
 m - a wand of digging (24)
 A - a wand of confusion (30)
 B - a wand of enslavement (14)
Scrolls
 b - 2 scrolls of fog {unknown}
 d - a scroll of amnesia {unknown}
 h - a scroll of recharging
 i - 2 scrolls of fear {unknown}
 j - a scroll of enchant weapon {unknown}
 k - a scroll of blinking {unknown}
 n - 6 scrolls of identify {unknown}
 r - 4 scrolls of remove curse
 s - a scroll of enchant armour
 y - 3 scrolls of magic mapping {unknown}
 D - 2 scrolls of teleportation {unknown}
 G - a scroll of acquirement {unknown}
Potions
 f - 2 potions of curing
 l - 3 potions of flight
 p - a potion of ambrosia {unknown}
 t - 2 potions of brilliance {unknown}
 v - 2 potions of heal wounds {unknown}
 C - 2 potions of lignification {unknown}
 E - a potion of poison {unknown}
 F - a potion of magic {unknown}
Comestibles
 e - 6 bread rations
 g - 4 meat rations
 o - 2 beef jerkies
 H - 7 slices of pizza


   Skills:
 - Level 4.3 Fighting
 - Level 14.0(14.2) Axes
 - Level 3.9(10.1) Polearms
 * Level 6.0 Armour
 + Level 4.1 Shields


You had 8 spell levels left.
You didn't know any spells.

Dungeon Overview and Level Annotations

Branches:
Dungeon (7/15)             Temple (1/1) D:7

Altars:
Cheibriados
Dithmenos
Fedhas
Gozag
Kikubaaqudgha
Makhleb
Nemelex Xobeh
Okawaru
Qazlal
Ru
Sif Muna
Trog
Vehumet
Yredelemnul
Zin
The Shining One

Shops:
D:6 }


Innate Abilities, Weirdness & Mutations

You reflexively headbutt those who attack you in melee.
You have a pair of horns on your head.
You tend to lose your temper in combat.
You can breathe flames.
Your flesh is heat resistant.


Message History

The floor.
There is a cloud of freezing vapour here.
You start waiting.
You are engulfed in freezing vapours.
You are engulfed in freezing vapours.
You are engulfed in freezing vapours.
* * * LOW HITPOINT WARNING * * *
You are engulfed in freezing vapours.
* * * LOW HITPOINT WARNING * * *
Drink which item? (? for menu, Esc to quit)
You feel better.
You are engulfed in freezing vapours.
* * * LOW HITPOINT WARNING * * *
Drink which item? (? for menu, Esc to quit)
You feel better.
You are engulfed in freezing vapours.
* * * LOW HITPOINT WARNING * * *
You are engulfed in freezing vapours.
* * * LOW HITPOINT WARNING * * *
Drink which item? (? for menu, Esc to quit)
You feel better.
You are engulfed in freezing vapours.
You die...

'#####
##§#§#......#.##.#.#
..#
##§#§#.#.####.##.#.#
.## ##§#§#.#.#
#.##.#.# ##
##§#§#.#.####.##.#.#
##§#§#.#.#<...##.#.#
##§#§#.#.#######.#.#
##§#§#...........#.#
##§#§###.#########.#
##$#@#.............#
##$#§8.#...........#
##$#.'.............#
##$#.8##..........##
########..........#
########..........#
#..........#
#..........#
#..........#


There were no monsters in sight!

Vanquished Creatures
  Grinder (D:6)
  The ghost of apoch the Ducker, an amateur DEFi (D:4)
  Sigmund (D:5)
  A human (D:7)
  Eustachio (D:5)
  A yak (D:7)
  Edmund (D:4)
  Duvessa (D:6)
  2 sky beasts
  Purgy (D:4)
  A phantom (D:6)
  An ogre (D:4)
  A black bear (D:7)
  2 giant frogs
  Blork the orc (D:4)
  Dowan (D:6)
  A gnoll sergeant (D:6)
  A killer bee (D:7)
  A crimson imp (D:5)
  A giant frog zombie (D:7)
  5 orc priests
  2 hounds
  A jelly (D:6)
  2 orc wizards
  Jessica (D:3)
  2 giant frog skeletons
  A centaur skeleton (D:7)
  7 worker ants
  4 iguanas
  3 sheep (D:7)
  A worker ant zombie (D:6)
  6 gnolls (D:6)
  A river rat (D:5)
  6 adders
  3 shadow imps
  3 adder zombies
  An adder skeleton (D:6)
  4 worms
  4 giant geckos
  13 orcs
  5 ball pythons
  7 giant cockroaches
  11 hobgoblins
  6 jackals (D:3)
  4 quokkas
  10 bats
  A giant gecko skeleton (D:7)
  9 giant newts
  8 goblins
  4 kobolds
  A quokka skeleton (D:6)
  12 rats
170 creatures vanquished.

Notes
Turn   | Place    | Note
--------------------------------------------------------------
     0 | D:1      | divealot the Minotaur Fighter began the quest for the Orb.
     0 | D:1      | Reached XP level 1. HP: 19/19 MP: 0/0
    77 | D:1      | Reached XP level 2. HP: 27/27 MP: 1/1
    79 | D:1      | Reached skill level 4 in Armour
   578 | D:2      | Reached XP level 3. HP: 33/33 MP: 2/2
   847 | D:2      | Found a deep blue altar of Sif Muna.
  1030 | D:2      | Found a blossoming altar of Fedhas.
  1042 | D:2      | Found an ancient bone altar of Kikubaaqudgha.
  1262 | D:3      | Reached XP level 4. HP: 38/40 MP: 3/3
  1288 | D:3      | Reached skill level 1 in Axes
  1363 | D:3      | Found a blossoming altar of Fedhas.
  1520 | D:3      | Noticed Jessica
  1529 | D:3      | Killed Jessica
  1529 | D:3      | Reached XP level 5. HP: 11/46 MP: 4/4
  1901 | D:3      | Found a stormy altar of Qazlal.
  1960 | D:3      | Found a sparkling altar of Nemelex Xobeh.
  2183 | D:4      | Reached skill level 5 in Axes
  2185 | D:4      | Noticed Edmund
  2241 | D:4      | Killed Edmund
  2241 | D:4      | Reached skill level 6 in Axes
  2241 | D:4      | Reached XP level 6. HP: 28/52 MP: 5/5
  2408 | D:4      | Noticed Purgy
  2434 | D:4      | Killed Purgy
  2524 | D:4      | Noticed apoch's ghost (amateur DEFi)
  2694 | D:4      | Killed apoch's ghost
  2694 | D:4      | Reached skill level 7 in Axes
  2694 | D:4      | Reached XP level 7. HP: 54/59 MP: 6/6
  2809 | D:4      | Reached skill level 8 in Axes
  2869 | D:4      | Noticed an ogre
  2889 | D:4      | Killed an ogre
  2889 | D:4      | Reached skill level 9 in Axes
  2926 | D:4      | Found an opulent altar of Gozag.
  3051 | D:4      | Noticed Blork the orc
  3058 | D:4      | Killed Blork the orc
  3175 | D:5      | Entered Level 5 of the Dungeon
  3201 | D:5      | Noticed Sigmund
  3387 | D:5      | Noticed Eustachio
  3401 | D:5      | Gained mutation: Your flesh is heat resistant. [potion of beneficial mutation]
  3515 | D:5      | Killed Eustachio
  3515 | D:5      | Reached skill level 10 in Axes
  3515 | D:5      | Reached XP level 8. HP: 61/66 MP: 7/7
  3779 | D:5      | Killed Sigmund
  3779 | D:5      | Reached skill level 11 in Axes
  3833 | D:5      | Gained mutation: You tend to lose your temper in combat. [mutagenic meat]
  3834 | D:5      | Gained mutation: You can breathe flames. [mutagenic meat]
  4216 | D:6      | Reached skill level 12 in Axes
  4373 | D:6      | Noticed Duvessa
  4374 | D:6      | Noticed Dowan
  4383 | D:6      | Noticed Grinder
  4390 | D:6      | Killed Duvessa
  4391 | D:6      | Paralysed by Grinder for 5 turns
  4403 | D:6      | Paralysed by Grinder for 5 turns
  4412 | D:6      | Killed Grinder
  4412 | D:6      | Reached skill level 13 in Axes
  4412 | D:6      | Reached XP level 9. HP: 48/71 MP: 8/8
  4414 | D:6      | Killed Dowan
  4445 | D:6      | Found Nafut's Gadget Emporium.
  4847 | D:7      | Found a staircase to the Ecumenical Temple.
  5271 | D:7      | Reached skill level 5 in Armour
  5354 | D:7      | Reached skill level 14 in Axes
  5565 | Temple   | Entered the Ecumenical Temple
  5740 | Temple   | Became a worshipper of Warmaster Okawaru
  5951 | D:7      | Engulfed by a cloud of freezing vapour

Action                   |  1- 3 |  4- 6 |  7- 9 || total
-------------------------+-------+-------+-------++-------
Melee: Trident           |   152 |       |       ||   152
       Hand axe          |     2 |   142 |   388 ||   532
  Use: Potion            |       |     2 |     8 ||    10
       Scroll            |       |     3 |       ||     3
  Eat: Pizza             |     2 |       |       ||     2
       Chunk             |     1 |     2 |     8 ||    11
       Bread ration      |     1 |       |       ||     1
       Meat ration       |       |       |     2 ||     2
